 Dungeon Crawl Stone Soup version 0.29-a0-1052-g6990b1bffc (webtiles) character file.

Game seed: 6693499896150505817

278 SensoryNuts the Poker (level 6, -1/46 HPs)
             Began as a Demonspawn Gladiator on Aug 17, 2022.
             Killed from afar by an orc wizard (10 damage)
             ... with a puff of flame
             ... on level 3 of the Dungeon.
             The game lasted 00:03:03 (3187 turns).

SensoryNuts the Poker (Demonspawn Gladiator)        Turns: 3187, Time: 00:03:03

Health: -1/46      AC:  7    Str: 17    XL:     6   Next: 5%
Magic:  6/6        EV: 12    Int:  9    God:
Gold:   65         SH:  0    Dex: 14    Spells: 5/5 levels left

rFire   . . .      SeeInvis .   a - +0 trident
rCold   . . .      Faith    .   (no shield)
rNeg    . . .      Spirit   .   b - +0 leather armour
rPois   .          Reflect  .   (helmet restricted)
rElec   .          Harm     .   (no cloak)
rCorr   .          Rampage  .   (no gloves)
Will    .....                   (no boots)
Stlth   +.........              (no amulet)
HPRegen 0.15/turn               g - +4 ring of protection
MPRegen 0.10/turn               (no ring)

@: confused
A: antennae 1, ignite blood 1, big brain 1, talons 1, dopey 1
a: no special abilities


You were on level 3 of the Dungeon.
You visited 1 branch of the dungeon, and saw 3 of its levels.

You collected 65 gold pieces.

Inventory:

Hand Weapons
 a - a +0 trident (weapon)
Missiles
 d - 3 throwing nets (quivered)
 e - a javelin
Armour
 b - a +0 leather armour (worn)
 c - a +0 helmet
Jewellery
 g - a +4 ring of protection (left hand)
Scrolls
 i - 2 scrolls of identify
 k - a scroll of teleportation


   Skills:
 + Level 2.5 Fighting
 + Level 4.3 Polearms
 + Level 2.0 Throwing
 + Level 2.8 Armour
 + Level 3.5 Dodging
 + Level 1.0 Stealth


You had 5 spell levels left.
You didn't know any spells.
Your spell library was empty.

Dungeon Overview and Level Annotations

Branches:
Dungeon (3/15)

Altars:


Innate Abilities, Weirdness & Mutations

You have a pair of small antennae on your head.
Your demonic aura sometimes causes spilled blood to erupt in flames.
You have an unusually large brain. (Int +2)
You have sharp toenails.
You are dopey. (Int -2)


Message History

It is a scroll of identify.
j - a scroll of fog Something hits you but does no damage.
As you read the scroll of fog, it crumbles to dust.
The scroll dissolves into smoke.
Something hits you but does no damage. Something hits you but does no damage.
You hear some strange, mumbled words.
A puff of flame appears from out of thin air!
The puff of flame hits you!
* * * LOW HITPOINT WARNING * * *
You hear some strange, mumbled words.
Something tries to affect you, but you resist.
You barely miss something. You claw something. Something hits you.
* * * LOW HITPOINT WARNING * * *
You closely miss something. Something hits you.
* * * LOW HITPOINT WARNING * * *
You aren't carrying any potions.
You aren't carrying any potions.
Something hits you but does no damage.
You hear some strange, mumbled words.
You are confused.
You're too confused to move!
Something barely misses you.
You bump into the rock wall.
You hear some strange, mumbled words.
You are more confused.
Unknown command.
An orc wizard appears from thin air!
Reactivating autopickup.
You are too confused!
You are too confused!
You bump into the rock wall.
The orc attacks as you move away! The orc barely misses you.
The orc wizard gestures at you while chanting.
The puff of flame hits you but does no damage.
The orc attacks as you move away! The orc barely misses you.
Found 4 stones.
The orc wizard casts a spell at you. The puff of flame hits you!
You die... .#...#.# ......# ..... .... oo#

#§# #§#
### #§#
#@## #§#
#.#.###o#
#.###.##{#
..# ##.#§#
(.# #..oo#
###
#.#.###
#.##.# #.
#.# # #.#


You could see an orc wizard and an orc.

Vanquished Creatures
  A phantom (D:2)
  A hound (D:3)
  2 orc priests
  2 orc wizards
  An adder (D:2)
  A worm (D:2)
  3 dart slugs
  2 orcs (D:2)
  4 ball pythons (D:1)
  7 endoplasms
  A giant cockroach (D:1)
  3 goblins
  A hobgoblin (D:2)
  7 jackals (D:1)
  A quokka (D:1)
  2 bats (D:2)
  3 frilled lizards
  2 kobolds (D:2)
  3 rats
47 creatures vanquished.

Notes
Turn   | Place    | Note
-------+----------+-------------------------------------------
     0 | D:1      | SensoryNuts the Demonspawn Gladiator began the quest for
                  | the Orb.
     0 | D:1      | Reached XP level 1. HP: 16/16 MP: 1/1
   391 | D:1      | Gained mutation: Your demonic aura sometimes causes spilled
                  | blood to erupt in flames. [demonic ancestry]
   391 | D:1      | Reached XP level 2. HP: 22/22 MP: 2/2
   413 | D:1      | Reached skill level 3 in Polearms
  1083 | D:1      | Reached XP level 3. HP: 20/27 MP: 3/3
  1345 | D:1      | Gained mutation: You are dopey. (Int -2) [potion of
                  | mutation]
  1345 | D:1      | Gained mutation: You have sharp toenails. [potion of
                  | mutation]
  1345 | D:1      | Gained mutation: You have a pair of small horns on your
                  | head. [potion of mutation]
  2203 | D:2      | Reached skill level 1 in Armour
  2203 | D:2      | Reached XP level 4. HP: 33/33 MP: 4/4
  2428 | D:2      | Noticed a phantom
  2438 | D:2      | Killed a phantom
  2439 | D:2      | Lost mutation: You have a pair of small horns on your head.
                  | [demonic ancestry]
  2439 | D:2      | Gained mutation: You have a pair of small antennae on your
                  | head. [demonic ancestry]
  2439 | D:2      | Reached XP level 5. HP: 29/38 MP: 5/5
  2551 | D:2      | Found a faded altar of an unknown god.
  2834 | D:2      | Reached skill level 4 in Polearms
  3149 | D:3      | Reached skill level 1 in Stealth
  3149 | D:3      | Gained mutation: You have an unusually large brain. (Int
                  | +2) [demonic ancestry]
  3149 | D:3      | Reached XP level 6. HP: 28/46 MP: 6/6
  3187 | D:3      | Killed from afar by an orc wizard

Illustrated notes

Levels and vault maps discovered:
D:1:      lightli_arrival_statue_moat, layout_basic
D:2:      layout_loops_ring, ebering_ecumenical_altar_hall
D:3:      cheibrodos_pilgrimage, layout_loops_ring, minmay_goblin_outpost

Skill      XL: |  1  2  3  4  5 |
---------------+----------------+-----
Polearms       | 3 4 |  4.3
Dodging        | 3 |  3.5
Throwing       | 2 |  2.0
Armour         | 1 2 |  2.8
Stealth        | 1 |  1.0
Fighting       | |  2.5

Action                   |  1- 3 |  4- 6 || total
-------------------------+-------+-------++-------
Melee: Trident           |    99 |    94 ||   193
       Kick              |     2 |    12 ||    14
       Headbutt          |     1 |     6 ||     7
       Punch             |       |     1 ||     1
  Use: Potion            |     6 |     2 ||     8
       Scroll            |     2 |     2 ||     4
 Stab: Sleeping          |       |     1 ||     1
Armor: Leather armour    |    32 |    44 ||    76
Dodge: Dodged            |    64 |    29 ||    93

Table legend: (Time is in decaauts)
 A = Elapsed time spent in this place.
 B = Non-inter-level travel time spent in this place.
 C = Inter-level travel time spent in this place.
 D = Time resting spent in this place.
 E = Time spent auto-exploring this place.
 F = Levels seen in this place.
 G = Mean time per level.
                   A        B        C        D        E       F      G
               +--------+--------+--------+--------+--------+-----+--------+
         Total |   3209 |   3081 |    128 |    483 |   2195 |   3 | 1069.7 |
       Dungeon |   3209 |   3081 |    128 |    483 |   2195 |   3 | 1069.7 |
               +--------+--------+--------+--------+--------+-----+--------+

Top non-repeatable levels by time:
     D:1: 1865 daAuts
     D:2: 1239 daAuts
     D:3: 105 daAuts
